 Dungeon Crawl Stone Soup version 0.26.1-11-gd32895ea62 (webtiles) character file.

Game seed: 13724541155707620427

7683 JBAR the Spear-Bearer (level 11, -2/104 HPs)
             Began as a Minotaur Fighter on June 30, 2021.
             Was an Elder of Fedhas.
             Slain by a troll zombie (3 damage)
             ... on level 9 of the Dungeon.
             The game lasted 00:23:38 (8338 turns).

JBAR the Spear-Bearer (Minotaur Fighter)            Turns: 8338, Time: 00:23:39

Health: -2/104     AC: 11    Str: 16 (19) XL:     11   Next: 0%
Magic:  6/8        EV:  5    Int: -1 (1)  God:    Fedhas [****..]
Gold:   766        SH:  9    Dex: 14 (17) Spells: 10/10 levels left

rFire    . . .     SeeInvis .   e - +7 trident of the Sneaky Blessings {elec, rElec Dex+2}
rCold    + . .     Faith    .   I - +3 buckler of Lilacs {*Contam rElec Dex+6}
rNeg     . . .     Spirit   .   m - +1 plate armour
rPois    +         Reflect  .   (helmet unavailable)
rElec    +         Harm     .   (no cloak)
rCorr    .         Rampage  .   l - +0 pair of gloves
Will     +....     Rnd*Rage +   (no boots) Stlth ..........Rnd*Tele +
                                D - amulet of the acrobat
HPRegen  0.00/turn              z - ring of protection from cold
MPRegen  0.11/turn              A - ring of poison resistance

@: mighty, flying, slowed, lost intelligence, studying Poison Magic, very slow
A: retaliatory headbutt, horns 3, thin skeletal structure 1, berserk 1, blurry
vision 3, clumsy 2, deformed body, dopey 2, low mp 1, strong-willed 1, robust 1,
inhibited regeneration, teleportitis 1, weak 2
a: Renounce Religion, Wall of Briars, Grow Ballistomycete, Overgrow


You were on level 9 of the Dungeon.
You worshipped Fedhas.
Fedhas was greatly pleased with you.
You visited 1 branch of the dungeon, and saw 9 of its levels.
You also visited: Sewer.

You collected 766 gold pieces.

Inventory:

Hand Weapons
 a - a +0 war axe
 e - the +7 trident of the Sneaky Blessings (weapon) {elec, rElec Dex+2}
   (You took it off a gnoll sergeant on level 5 of the Dungeon)

   Occasionally, upon striking a foe, it can discharge electrical energy and
   cause terrible harm.
   It affects your dexterity (+2).
   It insulates you from electricity.
 t - a +6 vorpal trident
Missiles
 i - 2 javelins (quivered)
 L - 5 boomerangs
Armour
 l - a +0 pair of gloves (worn)
 m - a +1 plate armour (worn)
 E - a +0 kite shield
 I - the +3 buckler of Lilacs (worn) {*Contam rElec Dex+6}
   (You found it on level 7 of the Dungeon)

   It affects your dexterity (+6).
   It insulates you from electricity.
   It causes magical contamination when unequipped.
Jewellery
 q - a cursed ring of teleportation {unknown}
 v - an uncursed ring of magical power
 z - a ring of protection from cold (left hand)
 A - a ring of poison resistance (right hand)
 D - an amulet of the acrobat (around neck)
Wands
 c - a wand of random effects (38)
 p - a wand of flame (15)
 y - a wand of iceblast (16)
 C - a wand of disintegration (12)
 G - a wand of polymorph (20)
Scrolls
 g - 4 scrolls of amnesia
 k - a scroll of remove curse
 o - 3 scrolls of immolation
 r - a scroll of blinking
 u - 2 scrolls of magic mapping
 x - a scroll of fog
 F - a scroll of identify
 H - a scroll of teleportation
 J - a scroll of holy word {unknown}
Potions
 b - 2 potions of cancellation
 f - 3 potions of attraction
 h - 5 potions of curing
 j - a potion of lignification
 w - a potion of ambrosia
 K - a potion of flight
 M - 2 potions of brilliance
Books
 B - a manual of Poison Magic


   Skills:
 * Level 8.7 Fighting
 * Level 10.3(12.1) Axes
 * Level 10.4(12.1) Polearms
 * Level 9.5 Armour
 + Level 0.4 Dodging
 + Level 0.1 Stealth
 * Level 8.4 Shields


You had 10 spell levels left.
You didn't know any spells.
Your spell library contained the following spells:

 Spells                   Type           Power        Failure   Level
 Magic Dart               Conj           0%           100%        1
 Blink                    Tloc           N/A          100%        2
 Call Imp                 Summ           0%           100%        2
 Searing Ray              Conj           0%           100%        2
 Slow                     Hex            0%           100%        2
 Conjure Flame            Conj/Fire      0%           100%        3
 Dazzling Flash           Conj/Hex       0%           100%        3
 Mephitic Cloud           Conj/Pois/Air  0%           100%        3
 Fulminant Prism          Conj/Hex       0%           100%        4
 Iskenderun's Mystic Bla  Conj/Tloc      0%           100%        4


Dungeon Overview and Level Annotations

Branches:
Dungeon (9/15)             Temple (0/1) D:7             Orc (0/2) D:9
  Sewer (visited)
   Lair: D:8-11

Altars:
Fedhas
Xom
Zin
The Shining One

Shops:
D:7 (


Innate Abilities, Weirdness & Mutations

You reflexively headbutt those who attack you in melee.
You have a pair of large horns on your head.
You have a somewhat thin skeletal structure. (Dex +2, Stealth)
You tend to lose your temper in combat.
Scrolls take you much longer to read.
You are very clumsy. (Dex -4)
Armour fits poorly on your strangely shaped body.
You are very dopey. (Int -4)
Your magical capacity is low. (-10% MP)
You are strong-willed. (Will+)
You are robust. (+10% HP)
You do not regenerate when monsters are visible.
You are occasionally teleported next to monsters.
You are very weak. (Str -4)


Message History

The ogre zombie hits you but does no damage.
You puncture the orc zombie!
You destroy the orc zombie!
Fedhas accepts your kill. The orc zombie barely misses you.
You furiously retaliate!
You headbutt the orc zombie!
You destroy the orc zombie!
Fedhas accepts your kill. The troll zombie bites you!
* * * LOW HITPOINT WARNING * * *
The troll zombie claws you but does no damage.
You block the troll zombie's attack.
The hobgoblin zombie hits you but does no damage.
The ogre zombie hits you but does no damage.
You impale the orc zombie!!
You destroy the orc zombie!
Fedhas accepts your kill. The troll zombie bites you.
You die...
Fedhas appreciates your contribution to the ecosystem.

..>.... ...+
#..##.######## ...#
#..#....)....####...##
#..#..###....#....8...
#..#..###....#........
#.......+....#........
#..######....#Z.......
+#+#..#..
#.....Z....../
....###.#
#....@ZZ.....$
......#.#
####Z.8ZW.>...
......#.##.#
#ZZW....?..
......#.##.#
#..........
......#.##.#
#.#........
.....†#.##.#
###........
.........#.# #........
##.####..#.# ....8..
#.......#.#


You could see 2 phantoms, 2 hobgoblin zombies, 2 orc zombies, 3 ogre zombies and
a troll zombie.

Vanquished Creatures
  Gastronok (D:8)
  A boulder beetle (D:8)
  Pikel (D:7)
  The ghost of ZoeForever1 the Magician, a novice DEFE (D:5)
  Grinder (D:6)
  A shadow (D:9)
  A wyvern (D:9)
  Grum (D:8)
  A two-headed ogre zombie (D:9)
  4 sky beasts
  A phantom (D:8)
  Purgy (Sewer)
  A black bear (D:7)
  2 orc warriors
  An ice beast (D:6)
  4 ogres
  4 wolves (D:8)
  A lemure (D:7)
  3 centaurs
  3 bullfrogs
  3 gnoll sergeants (D:5)
  5 scorpions
  A troll zombie (D:9)
  6 wights (D:7)
  2 howler monkeys
  2 jellies
  A centaur zombie (D:8)
  A gnoll shaman (D:5)
  4 orc priests
  2 bullfrog skeletons
  A hound (D:4)
  8 orc wizards
  Ijyb (D:3)
  4 iguanas
  7 worker ants
  An ogre zombie (D:9)
  A worker ant zombie (D:7)
  10 gnolls
  9 adders
  A shadow imp (D:8)
  3 white imps
  2 ufetubi (D:8)
  2 oozes (D:4)
  An adder zombie (D:5)
  An adder skeleton (D:6)
  5 worms
  4 dart slugs
  3 leopard geckos
  25 orcs
  10 giant cockroaches
  10 goblins
  5 hobgoblins
  12 jackals
  3 kobolds
  5 quokkas
  A ball python (D:4)
  14 bats
  3 frilled lizards
  2 goblin skeletons (D:9)
  A goblin zombie (D:9)
  A hobgoblin skeleton (D:9)
  2 hobgoblin zombies (D:9)
  A leopard gecko skeleton (D:7)
  An orc skeleton (D:9)
  12 orc zombies (D:9)
  A quokka zombie (D:7)
  9 rats
243 creatures vanquished.

Vanquished Creatures (others)
  6 fungi (D:3)
  6 plants (D:5)
  4 toadstools (D:3)
16 creatures vanquished.

Grand Total: 259 creatures vanquished

Notes
Turn   | Place    | Note
-------+----------+-------------------------------------------
     0 | D:1      | JBAR the Minotaur Fighter began the quest for the Orb.
     0 | D:1      | Reached XP level 1. HP: 19/19 MP: 0/0
   176 | D:1      | Reached XP level 2. HP: 26/27 MP: 1/1
   490 | D:1      | Reached XP level 3. HP: 33/33 MP: 2/2
   747 | D:2      | Gained mutation: You are weak. (Str -2) [potion of
                  | mutation]
   747 | D:2      | Gained mutation: You are robust. (+10% HP) [potion of
                  | mutation]
   747 | D:2      | Gained mutation: Scrolls take you a little longer to read.
                  | [potion of mutation]
   747 | D:2      | Gained mutation: You have a somewhat thin skeletal
                  | structure. (Dex +2, Stealth) [potion of mutation]
  1140 | D:2      | Reached XP level 4. HP: 44/44 MP: 3/3
  1582 | D:3      | Reached XP level 5. HP: 50/50 MP: 4/4
  1590 | D:3      | Reached skill level 5 in Shields
  1648 | D:3      | Noticed Ijyb
  1669 | D:3      | Killed Ijyb
  1837 | D:4      | Found a shimmering altar of Xom.
  2288 | D:4      | Noticed an ogre
  2297 | D:4      | Killed an ogre
  2298 | D:4      | Reached skill level 5 in Axes
  2298 | D:4      | Reached XP level 6. HP: 31/58 MP: 5/5
  2316 | D:4      | Reached skill level 5 in Armour
  2349 | D:4      | Noticed a sky beast
  2357 | D:4      | Killed a sky beast
  2358 | D:4      | Reached XP level 7. HP: 15/66 MP: 6/6
  2622 | D:4      | Found a blossoming altar of Fedhas.
  2637 | D:4      | Became a worshipper of Fedhas Madash
  2938 | D:5      | Entered Level 5 of the Dungeon
  2979 | D:5      | Identified the +7 trident of the Sneaky Blessings {elec,
                  | rElec Dex+2}
  2979 | D:5      | Identified the cursed +0 buckler "Uvymm" {Int+3}
  2994 | D:5      | Found a transporter.
  3000 | D:5      | Found a transporter.
  3003 | D:5      | Noticed ZoeForever1's ghost (novice DEFE)
  3207 | D:5      | Found a glowing drain.
  3218 | Sewer    | Entered a sewer
  3253 | Sewer    | Noticed Purgy
  3264 | Sewer    | Killed Purgy
  3265 | Sewer    | Reached skill level 5 in Fighting
  3605 | D:5      | Found a glowing silver altar of Zin.
  4144 | D:5      | Killed ZoeForever1's ghost
  4145 | D:5      | Reached XP level 8. HP: 75/75 MP: 7/7
  4234 | D:5      | Reached * piety under Fedhas
  4717 | D:6      | Reached skill level 1 in Polearms
  4925 | D:6      | Noticed Grinder
  4929 | D:6      | Paralysed by Grinder for 7 turns
  4940 | D:6      | Killed Grinder
  4941 | D:6      | Reached XP level 9. HP: 66/85 MP: 8/8
  5089 | D:6      | Reached ** piety under Fedhas
  5477 | D:7      | Found Fifiddymat's Weapon Boutique.
  5489 | D:7      | Reached skill level 5 in Polearms
  5642 | D:7      | Found a glowing golden altar of the Shining One.
  5706 | D:7      | Got a warped buckler
  5717 | D:7      | Identified the +3 buckler of Lilacs {*Contam rElec Dex+6}
                  | (You found it on level 7 of the Dungeon)
  5745 | D:7      | Gained mutation: Scrolls take you longer to read.
                  | [mutagenic glow]
  5752 | D:7      | Gained mutation: You are strong-willed. (Will+) [mutagenic
                  | glow]
  5768 | D:7      | Gained mutation: You have a pair of large horns on your
                  | head. [mutagenic glow]
  5786 | D:7      | Gained mutation: You are occasionally teleported next to
                  | monsters. [mutagenic glow]
  5797 | D:7      | Gained mutation: Armour fits poorly on your strangely
                  | shaped body. [mutagenic glow]
  5823 | D:7      | Gained mutation: You are very weak. (Str -4) [mutagenic
                  | glow]
  5912 | D:7      | Found a staircase to the Ecumenical Temple.
  5914 | D:7      | Gained mutation: You tend to lose your temper in combat.
                  | [mutagenic glow]
  5923 | D:7      | Gained mutation: You are clumsy. (Dex -2) [mutagenic glow]
  5952 | D:7      | Gained mutation: Scrolls take you much longer to read.
                  | [mutagenic glow]
  6040 | D:7      | Noticed Pikel
  6049 | D:7      | Killed Pikel
  6655 | D:7      | Gained mutation: You are very clumsy. (Dex -4) [mutagenic
                  | glow]
  6681 | D:7      | Gained mutation: Your magical capacity is low. (-10% MP)
                  | [mutagenic glow]
  6700 | D:7      | Gained mutation: You are dopey. (Int -2) [mutagenic glow]
  6715 | D:7      | Gained mutation: You are very dopey. (Int -4) [mutagenic
                  | glow]
  6749 | D:7      | Gained mutation: You do not regenerate when monsters are
                  | visible. [mutagenic glow]
  6761 | D:8      | Noticed Gastronok
  6768 | D:8      | Killed Gastronok
  6769 | D:8      | Reached XP level 10. HP: 83/96 MP: 8/8
  6914 | D:8      | Noticed Grum
  6924 | D:8      | Reached skill level 10 in Axes
  6931 | D:8      | Killed Grum
  7118 | D:8      | Reached *** piety under Fedhas
  7548 | D:8      | Noticed a boulder beetle
  7568 | D:8      | Killed a boulder beetle
  7569 | D:8      | Reached skill level 10 in Polearms
  8295 | D:9      | Found a staircase to the Orcish Mines.
  8322 | D:9      | Lost intelligence.
  8331 | D:9      | Reached **** piety under Fedhas
  8332 | D:9      | Reached XP level 11. HP: 25/104 MP: 5/8
  8337 | D:9      | HP: 1/104 [troll zombie (9)]
  8338 | D:9      | Slain by a troll zombie

Illustrated notes

Levels and vault maps discovered:
D:1:      lightli_arrival_flooded_house, layout_rooms
D:2:      layout_basic
D:3:      layout_basic, minmay_gold_behind_fungi, uniq_ijyb
D:4:      layout_loops_ring, fedhas_altar_2, old_standard_altar
D:5:      layout_gridville, lemuel_crystal_altar, gammafunk_ghost_gnarly_gnolls,
          gup_sewer_entry_spiral, minmay_misc_feat_chi
D:6:      layout_loops_ring, uniq_grinder
D:7:      layout_loops_ring, tso_metal_star, minmay_temple_entry_stoned_glass,
          serial_shops, shop, nrook_uturn, uniq_pikel
D:8:      layout_gridville, uniq_grum, uniq_gastronok
D:9:      lemuel_ice_spiral_2, layout_basic, zombieorc2_lemuel

Skill      XL: |  1  2  3  4  5  6  7  8  9 10 |
---------------+-------------------------------+-----
Shields        | 4 5 6 7 8 |  8.4
Axes           | 3 4 5 6 7 9 10 | 10.3
Armour         | 4 5 6 7 8 9 |  9.5
Fighting       | 4 5 6 8 |  8.7
Polearms       | 3 8 10 | 10.4
Dodging        | |  0.4
Stealth        | |  0.1

Action                   |  1- 3 |  4- 6 |  7- 9 | 10-12 || total
-------------------------+-------+-------+-------+-------++-------
Melee: War axe           |   102 |   103 |   105 |       ||   310
       Headbutt          |    15 |    24 |    37 |    24 ||   100
       Trident           |       |       |   146 |   161 ||   307
Throw: Javelin           |     2 |       |     2 |       ||     4
Invok: Grow Ballistomyce |       |       |       |     1 ||     1
  Use: Scroll            |    11 |     6 |     9 |       ||    26
       Potion            |     1 |     1 |     7 |     8 ||    17
Armor: Scale mail        |    10 |       |       |       ||    10
       Chain mail        |    52 |       |       |       ||    52
       Plate armour      |     4 |    59 |   121 |    72 ||   256
Dodge: Dodged            |    26 |    18 |    40 |    32 ||   116
Block: Kite shield       |    63 |    47 |    86 |       ||   196
       Buckler           |       |       |     3 |    48 ||    51
